 Dungeon Crawl Stone Soup version 0.25-a0-105-g2289b3b9f1 (webtiles) character file.

Game seed: 10796747463840054600, levelgen mode: deterministic

599 MirrMurr the Poker (level 7, -3/61 HPs)
             Began as a Centaur Berserker on Nov 16, 2019.
             Was an Elder of Trog.
             Slain by an unseen horror (7 damage)
             ... on level 6 of the Dungeon.
             The game lasted 00:08:10 (4338 turns).

MirrMurr the Poker (Centaur Berserker)              Turns: 4338, Time: 00:08:11

Health: -3/61      AC:  5    Str: 22    XL:     7   Next: 17%
Magic:  7/7        EV:  9    Int:  6    God:    Trog [****..]
Gold:   196        SH:  0    Dex:  8    Spells: 6/6 levels left

rFire    . . .     SeeInvis .   a - +0 trident
rCold    . . .     Gourm    .   (no shield)
rNeg     . . .     Faith    .   f - +0 leather armour
rPois    .         Spirit   .   v - +0 helmet
rElec    .         Reflect  .   (no cloak)
rCorr    .         Harm     .   (no gloves)
MR       .....                  (no barding)
Stlth    ..........             (no amulet)
HPRegen  0.20/turn              (no ring)
MPRegen  0.10/turn              (no ring)

@: very quick
A: large, hooves 3, deformed body, speed 2, tough skin 3
a: Berserk, Trog's Hand, Brothers in Arms, Renounce Religion


You were on level 6 of the Dungeon.
You worshipped Trog.
Trog was greatly pleased with you.
You were hungry.

You visited 1 branch of the dungeon, and saw 4 of its levels.
You also visited: Ossuary.

You collected 196 gold pieces.

Inventory:

Hand Weapons
 a - a +0 trident (weapon)
 o - a +0 halberd
Missiles
 b - 162 stones (quivered)
 g - 35 arrows
Armour
 f - a +0 leather armour (worn)
 v - a +0 helmet (worn)
Jewellery
 r - a +3 ring of evasion {unknown}
 t - an uncursed ring of resist corrosion {unknown}
Scrolls
 d - a scroll of fear {unknown}
 h - 2 scrolls of teleportation {unknown}
 i - a scroll of fog {unknown}
 k - a scroll of immolation {unknown}
 l - a scroll of amnesia {unknown}
 q - 2 scrolls of identify {unknown}
 w - a scroll of remove curse {unknown}
Potions
 e - 2 potions of resistance {unknown}
 j - a potion of lignification {unknown}
 m - 2 potions of haste {unknown}
 n - a potion of brilliance {unknown}
 p - a potion of flight {unknown}
 s - 2 potions of curing {unknown}
 u - a potion of ambrosia {unknown}
 x - a potion of heal wounds {unknown}
 z - a potion of mutation {unknown}
Comestibles
 c - 5 rations


   Skills:
 + Level 5.3 Fighting
 * Level 6.4 Polearms
 - Level 1.3 Armour
 - Level 1.3 Dodging


You had 6 spell levels left.
You didn't know any spells.
Your spell library was empty.

Dungeon Overview and Level Annotations

Branches:
Dungeon (3/15)            Ossuary (visited)

Altars:
Dithmenos
Hepliaklqana


Innate Abilities, Weirdness & Mutations

You have hooves in place of feet.
Armour fits poorly on your strangely shaped body.
You cover ground very quickly.
You have extremely tough skin. (AC +3)


Message History

Something hits you. x2
You barely miss something. Your kick misses something. Something hits you.
The orc throws a boomerang.
The boomerang barely misses you.
The weapon returns to the orc!
You barely miss something. Something hits you.
The orc throws a boomerang.
The boomerang hits you but does no damage.
The weapon returns to the orc!
Something hits you but does no damage.
You miss something. Something hits you.
* * * LOW HITPOINT WARNING * * *
Something hits you but does no damage.
You miss something. Your kick misses something. Something hits you.
* * * LOW HITPOINT WARNING * * *
Something hits you.
* * * LOW HITPOINT WARNING * * *
The orc throws a boomerang.
The boomerang hits you!
* * * LOW HITPOINT WARNING * * *
The weapon returns to the orc!
You miss something. Something hits you!
You die...

#############
#...........#####
#####...............#
#....o....@.........#
#.....######........#######
#..... #........'......
#..... #........#######
##.... #........# #....
#........# #.... #........#
#.... #........#
..........#


You could see an orc.

Vanquished Creatures
  An elf zombie (Ossuary)
  A bullfrog (D:6)
  3 centaur zombies (Ossuary)
  A human zombie (Ossuary)
  3 big kobold zombies (Ossuary)
  A hound zombie (Ossuary)
  3 mummies (Ossuary)
  Robin (D:3)
  4 gnolls (D:2)
  5 adders
  A worm zombie (D:6)
  3 adder zombies (Ossuary)
  A worm (D:2)
  2 dart slugs
  2 leopard geckos
  7 orcs (D:3)
  A ball python (D:2)
  7 bats
  8 giant cockroaches
  16 goblins
  5 hobgoblins
  7 jackals
  4 kobolds (D:1)
  2 quokkas
  4 frilled lizards
  3 goblin zombies (Ossuary)
  4 hobgoblin zombies (Ossuary)
  2 jackal zombies (Ossuary)
  5 kobold zombies (Ossuary)
  An orc zombie (Ossuary)
  5 quokka zombies (Ossuary)
  8 rats
  4 rat zombies (Ossuary)
125 creatures vanquished.

Notes
Turn   | Place    | Note
-------+----------+-------------------------------------------
     0 | D:1      | MirrMurr the Centaur Berserker began the quest for the Orb.
     0 | D:1      | Reached XP level 1. HP: 19/19 MP: 1/1
   131 | D:1      | Reached skill level 3 in Polearms
   150 | D:1      | Reached XP level 2. HP: 26/26 MP: 2/2
   444 | D:1      | Reached ** piety under Trog
   589 | D:1      | Reached XP level 3. HP: 29/31 MP: 3/3
   862 | D:2      | Found a shadowy altar of Dithmenos.
   932 | D:2      | Reached skill level 4 in Polearms
   932 | D:2      | Reached XP level 4. HP: 40/40 MP: 4/4
  1216 | D:2      | Found a hazy altar of Hepliaklqana.
  1601 | D:2      | Reached XP level 5. HP: 30/46 MP: 5/5
  1604 | D:2      | Reached *** piety under Trog
  2079 | D:3      | Noticed Robin
  2124 | D:3      | Killed Robin
  2789 | D:3      | You fall into a shaft and drop 3 floors!
  2789 | D:6      | Found a sand-covered staircase.
  2811 | D:6      | Reached skill level 5 in Polearms
  2822 | D:6      | Reached XP level 6. HP: 8/53 MP: 6/6
  2954 | Ossuary  | Entered an ossuary
  3578 | Ossuary  | Reached **** piety under Trog
  3937 | Ossuary  | Reached skill level 5 in Fighting
  3937 | Ossuary  | Reached skill level 6 in Polearms
  4000 | Ossuary  | Reached XP level 7. HP: 37/61 MP: 7/7
  4338 | D:6      | Slain by an unseen horror

Levels and vault maps discovered:
D:1:      eino_arrival_tree_alley, layout_basic, serial_bayou_pond_e
D:2:      layout_basic, nicolae_overflow_hidden_temple,
          nicolae_dithmenos_shadow_blocks
D:3:      layout_basic, first_ration, uniq_robin
D:6:      layout_basic, basic_altar, enter_ossuary_3, lemuel_flamethrower_2

Skill      XL: |  1  2  3  4  5  6 |
---------------+-------------------+-----
Polearms       | 3 4 5 6 |  6.4
Fighting       | 4 5 |  5.3
Armour         | |  1.3
Dodging        | |  1.3

Action                   |  1- 3 |  4- 6 |  7- 9 || total
-------------------------+-------+-------+-------++-------
Melee: Spear             |    99 |    88 |       ||   187
       Kick              |    12 |    64 |     7 ||    83
       Trident           |       |   214 |    25 ||   239
Invok: Berserk           |     2 |       |       ||     2
  Eat: Chunk             |     1 |     7 |       ||     8
       Ration            |       |     1 |       ||     1
Armor: Leather armour    |    28 |    80 |     7 ||   115
Dodge: Dodged            |    25 |    92 |     4 ||   121

Table legend:
 A = Non-vault XP
 B = Vault XP
 C = Vault XP percentage of total XP
 D = Non-vault monster count
 E = Vault monster count
 F = Vault count percentage of total count
                 A         B        C        D         E       F
            +---------+---------+-------+---------+---------+-------
      Total |     350 |     507 |  59.2 |      77 |      48 |  38.4
            +---------+---------+-------+---------+---------+-------
        D:1 |      43 |       0 |   0.0 |      24 |       0 |   0.0
        D:2 |     159 |       0 |   0.0 |      33 |       0 |   0.0
        D:3 |      42 |      29 |  40.8 |      18 |       8 |  30.8
        D:6 |     106 |       7 |   6.2 |       2 |       1 |  33.3
    Ossuary |       0 |     471 | 100.0 |       0 |      39 | 100.0
            +---------+---------+-------+---------+---------+-------
